 Dungeon Crawl Stone Soup version 0.24.1-4-ge52af88ad5 (webtiles) character file.

Game seed: 15840729630456221539, levelgen mode: deterministic

34 Gruesph the Insei (level 3, -3/29 HPs)
             Began as a Draconian Transmuter on Apr 15, 2020.
             Slain by a worker ant (4 damage)
             ... on level 4 of the Dungeon.
             The game lasted 00:04:07 (1282 turns).

Gruesph the Insei (Draconian Transmuter)            Turns: 1282, Time: 00:04:08

Health: -3/29      AC:  5    Str: 12    XL:     3   Next: 14%
Magic:  3/6        EV: 12    Int: 13    God:
Gold:   104        SH:  0    Dex: 12    Spells: 3/6 levels left

rFire    + . .     SeeInvis .     - Unarmed
rCold    + . .     Gourm    .   (no shield)
rNeg     . . .     Faith    .   (armour unavailable)
rPois    .         Spirit   .   (helmet restricted)
rElec    .         Reflect  .   j - scarf {rC+ rF+}
rCorr    .         Harm     .   (no gloves)
MR       .....                  (no boots)
Stlth    +.........             (no amulet)
HPRegen  0.09/turn              (no ring)
MPRegen  0.10/turn              (no ring)

@: lethally poisoned (-3 -> -4)
A: unfitting armour, cold-blooded, AC +5
a: no special abilities


You were on level 4 of the Dungeon.
You were not hungry.

You visited 1 branch of the dungeon, and saw 3 of its levels.

You collected 104 gold pieces.

Inventory:

Hand Weapons
 b - a +0 hunting sling
Missiles
 a - 9 arrows
 d - 45 stones (quivered)
Armour
 j - a scarf of resistance (worn)
Jewellery
 m - an uncursed ring of fire {unknown}
 p - a +3 ring of dexterity {unknown}
Scrolls
 c - 3 scrolls of identify {unknown}
 i - 2 scrolls of remove curse {unknown}
 l - 3 scrolls of teleportation {unknown}
Potions
 e - a potion of lignification {unknown}
 g - 2 potions of agility {unknown}
 h - 2 potions of heal wounds {unknown}
 k - a potion of might {unknown}
 o - 2 potions of magic {unknown}
Comestibles
 f - 2 rations


   Skills:
 + Level 2.1 Fighting
 - Level 1.7 Dodging
 * Level 3.9 Unarmed Combat
 - Level 2.0 Spellcasting
 - Level 2.0 Transmutations


You had 3 spell levels left.
You knew the following spells:

 Your Spells              Type           Power        Failure   Level  Hunger
a - Beastly Appendage     Tmut           #.....       11%         1    ##.....
b - Sticks to Snakes      Tmut           #.......     17%         2    ###....

Your spell library contained the following spells:

 Spells                   Type           Power        Failure   Level  Hunger
 Spider Form              Tmut/Pois      #.........   45%         3    ####...
 Ice Form                 Ice/Tmut       #.......     86%         4    #####..
 Blade Hands              Tmut           #.........   97%         5    ######.


Dungeon Overview and Level Annotations

Branches:
Dungeon (2/15)

Altars:
Qazlal


Innate Abilities, Weirdness & Mutations

Your plain brown scales are hard. (AC +5)
You cannot fit into any form of body armour.
You are cold-blooded and may be slowed by cold attacks.


Message History

You closely miss the worker ant.
The worker ant is moderately wounded.
The worker ant bites you.
* * * LOW HITPOINT WARNING * * *
You hit the worker ant.
The worker ant is heavily wounded.
You feel sick. The worker ant bites you.
* * * LOW HITPOINT WARNING * * *
You hit the worker ant.
The worker ant is severely wounded.
The worker ant barely misses you.
You hit the worker ant.
The worker ant is severely wounded.
The worker ant bites you.
* * * LOW HITPOINT WARNING * * *
You closely miss the worker ant.
You punch the worker ant, but do no damage.
The worker ant is severely wounded.
The worker ant barely misses you. The worker ant bites you.
You die...

### ###
#.#########.#
#...........#
#.#########.#
#.# #.# #.#
######'######
#@#
#..........#..
#a#
#.............
#.#
#.......^..#..
#.#
##########....
#.# #....
#......# #....
#......# ####.
#...=.... #.
#.(...... ..


You could see a worker ant.

Vanquished Creatures
  3 giant cockroaches
  4 goblins
  7 jackals
  A ball python (D:1)
  A bat (D:1)
  4 frilled lizards (D:1)
  6 kobolds
  6 rats (D:1)
32 creatures vanquished.

Notes
Turn   | Place    | Note
-------+----------+-------------------------------------------
     0 | D:1      | Gruesph the Draconian Transmuter began the quest for the
                  | Orb.
     0 | D:1      | Reached XP level 1. HP: 16/16 MP: 3/3
   184 | D:1      | Reached XP level 2. HP: 23/23 MP: 5/5
   188 | D:1      | Learned a level 2 spell: Sticks to Snakes
   963 | D:2      | Noticed a water elemental
   965 | D:2      | Found a stormy altar of Qazlal.
   966 | D:2      | Noticed an air elemental
   966 | D:2      | Noticed an earth elemental
   966 | D:2      | Noticed a fire elemental
  1001 | D:2      | Reached XP level 3. HP: 26/29 MP: 6/6
  1193 | D:2      | You fall into a shaft and drop 2 floors!
  1281 | D:4      | HP: 1/29 [worker ant (2)]
  1282 | D:4      | Slain by a worker ant

Levels and vault maps discovered:
D:1:      saegor_arrival_simple_c, layout_loops_cross
D:2:      layout_basic, nicolae_qazlal_style_of_elements,
          nemelex_dance_club_becter
D:4:      layout_basic, lemuel_doored_altar, first_ration, uniq_sigmund,
          uniq_blork_the_orc

Skill      XL: |  1  2 |
---------------+-------+-----
Fighting       | 2 |  2.1
Dodging        | |  1.7
Unarmed Combat | |  3.9
Spellcasting   | |  2.0
Transmutations | |  2.0

Action                   || total
-------------------------++-------
Melee: Unarmed           ||    99
       Tailslap          ||     6
       Punch             ||     3
 Fire: Hunting sling     ||     7
 Cast: Sticks to Snakes  ||     3
  Eat: Chunk             ||     1
Armor: Skin              ||    36
Dodge: Dodged            ||    72
